[ AOE2 MATCH · #496903416 ]
UnrankedHuns vs Berbers
Player's team · LOSS
[ REPLAY ANALYSIS · EXTRACTED FROM THE RECORDED GAME ]
Feudal
12:19
Castle
23:06
Imperial
44:23
| APM avg | 20.7 |
| APM peak | 40 |
| eAPM avg | 11.8 |
| Villagers / military | 165 / 169 |
Focus
⚔️ 29.2% · 🌾 70.8%
Knight ×149 · Scout Cavalry ×10 · Trebuchet (Packed) ×4 · Monk ×3 · Spearman ×3
Feudal
13:41
Castle
23:28
Imperial
46:56
| APM avg | 23.6 |
| APM peak | 38 |
| eAPM avg | 14.6 |
| Villagers / military | 112 / 99 |
Focus
⚔️ 31.3% · 🌾 68.7%
Skirmisher ×57 · Fire Lancer ×27 · Archer ×9 · Spearman ×4 · Bombard Cannon ×2
Feudal
14:56
Castle
22:12
Imperial
44:32
| APM avg | 30.3 |
| APM peak | 94 |
| eAPM avg | 21.5 |
| Villagers / military | 180 / 254 |
Focus
⚔️ 38.9% · 🌾 61.1%
Camel Archer ×144 · Scout Cavalry ×100 · Spearman ×9 · Monk ×1
Feudal
13:19
Castle
21:38
Imperial
46:52
| APM avg | 31.4 |
| APM peak | 83 |
| eAPM avg | 14.1 |
| Villagers / military | 139 / 68 |
Focus
⚔️ 26.2% · 🌾 73.8%
Knight ×38 · Camel Scout ×11 · Spearman ×6 · Scout Cavalry ×4 · Mangonel ×3 · Cavalry Archer ×3
Feudal
12:32
Castle
22:07
Imperial
50:05
| APM avg | 23.6 |
| APM peak | 44 |
| eAPM avg | 16.6 |
| Villagers / military | 125 / 348 |
Focus
⚔️ 32.3% · 🌾 67.7%
Steppe Lancer ×226 · Skirmisher ×104 · Battering Ram ×9 · Camel Scout ×5 · Scout Cavalry ×4
Feudal
14:30
Castle
18:02
Imperial
—
| APM avg | 21.1 |
| APM peak | 49 |
| eAPM avg | 12.5 |
| Villagers / military | 145 / 96 |
Focus
⚔️ 19.0% · 🌾 81.0%
Knight ×89 · Battering Ram ×5 · Spearman ×2
Feudal
14:19
Castle
18:39
Imperial
36:55
| APM avg | 20.0 |
| APM peak | 41 |
| eAPM avg | 15.0 |
| Villagers / military | 126 / 91 |
Focus
⚔️ 22.8% · 🌾 77.2%
Spearman ×83 · Unknown (1944) ×44 · Unknown (1949) ×8 · Militia ×5 · Unknown (1942) ×4 · Monk ×1
Feudal
14:49
Castle
18:25
Imperial
45:00
| APM avg | 39.9 |
| APM peak | 82 |
| eAPM avg | 13.7 |
| Villagers / military | 100 / 95 |
Focus
⚔️ 27.3% · 🌾 72.7%
Mangudai ×69 · Camel Scout ×17 · Trebuchet (Packed) ×4 · Spearman ×3 · Scout Cavalry ×1 · Steppe Lancer ×1
Match map
Initial resources + every placement click. Lines = walls · curves = elevation contours. ◆ gold · ⬟ stone · ● berries · ✦ relic · ◌ wall gap
Your base· Open — 4t gap
Gareth Southgate's base· Open — unwalled flank
ChuckAcsuka's base· Open — unwalled flank
Hiro's base· Open — unwalled flank
TheHalloweenGambit's base· Open — unwalled flank
会发育's base· Open — 10t gap
Tim der Gothe's base· Open — 5t gap
kongdu's base· Open — unwalled flank
Smoothed initial terrain · ◌ = detected wall gap · hover for details
Inputs per minute
— Wololoagain1 - - Gareth Southgate
Build order — Wololoagain1
First 150 of 300 actions detected
| 0:16 | Build | Town Center |
| 0:41 | Build | Lumber Camp |
| 2:39 | Queue | Villager (Male) |
| 2:39 | Queue | Villager (Male) |
| 2:39 | Queue | Villager (Male) |
| 2:39 | Queue | Villager (Male) |
| 3:42 | Queue | Villager (Male) |
| 3:43 | Queue | Villager (Male) |
| 4:35 | Research | Loom |
| 4:39 | Queue | Villager (Male) |
| 4:39 | Queue | Villager (Male) |
| 4:39 | Queue | Villager (Male) |
| 5:23 | Queue | Villager (Male) |
| 5:23 | Queue | Villager (Male) |
| 5:24 | Queue | Villager (Male) |
| 5:42 | Queue | Villager (Male) |
| 5:43 | Queue | Villager (Male) |
| 6:42 | Queue | Villager (Male) |
| 6:42 | Queue | Villager (Male) |
| 7:08 | Queue | Villager (Male) |
| 7:08 | Queue | Villager (Male) |
| 7:09 | Queue | Villager (Male) |
| 7:23 | Queue | Villager (Male) |
| 7:43 | Queue | Villager (Male) |
| 8:16 | Build | Lumber Camp |
| 8:18 | Queue | Villager (Male) |
| 8:18 | Queue | Villager (Male) |
| 8:49 | Queue | Villager (Male) |
| 9:25 | Queue | Villager (Male) |
| 9:32 | Build | Mill |
| 10:02 | Research | Feudal Age |
| 10:35 | Queue | Villager (Male) |
| 10:36 | Queue | Villager (Male) |
| 11:26 | Build | Barracks |
| 12:19 | Age | Feudal Age |
| 12:27 | Build | Stable |
| 12:34 | Research | Double-Bit Axe |
| 12:35 | Research | Double-Bit Axe |
| 12:35 | Research | Double-Bit Axe |
| 12:38 | Queue | Villager (Male) |
| 13:07 | Queue | Scout Cavalry |
| 13:07 | Queue | Scout Cavalry |
| 13:07 | Queue | Scout Cavalry |
| 13:11 | Queue | Villager (Male) |
| 13:37 | Build | Mill |
| 13:40 | Queue | Scout Cavalry |
| 13:55 | Queue | Villager (Male) |
| 14:12 | Queue | Scout Cavalry |
| 14:27 | Build | Blacksmith |
| 14:45 | Queue | Scout Cavalry |
| 14:47 | Queue | Villager (Male) |
| 14:47 | Queue | Villager (Male) |
| 15:22 | Build | Mill |
| 15:29 | Build | Mill |
| 15:31 | Queue | Spearman |
| 15:31 | Queue | Spearman |
| 16:08 | Queue | Spearman |
| 16:25 | Research | Scale Barding Armor |
| 16:29 | Queue | Villager (Male) |
| 16:29 | Queue | Villager (Male) |
| 16:29 | Queue | Villager (Male) |
| 16:35 | Research | Horse Collar |
| 16:38 | Build | Farm |
| 16:40 | Build | Farm |
| 16:41 | Build | Farm |
| 16:53 | Queue | Scout Cavalry |
| 16:54 | Queue | Scout Cavalry |
| 17:10 | Queue | Villager (Male) |
| 17:37 | Research | Forging |
| 18:00 | Queue | Scout Cavalry |
| 18:00 | Queue | Scout Cavalry |
| 18:23 | Queue | Villager (Male) |
| 18:23 | Queue | Villager (Male) |
| 18:28 | Build | Farm |
| 18:29 | Build | Farm |
| 18:30 | Build | Farm |
| 18:48 | Queue | Villager (Male) |
| 19:25 | Build | Market |
| 19:29 | Queue | Villager (Male) |
| 20:26 | Research | Castle Age |
| 20:27 | Research | Castle Age |
| 20:54 | Build | Stable |
| 21:03 | Research | Bloodlines |
| 21:03 | Research | Bloodlines |
| 21:03 | Research | Bloodlines |
| 21:23 | Build | Mill |
| 22:42 | Queue | Villager (Male) |
| 22:43 | Queue | Villager (Male) |
| 22:43 | Queue | Villager (Male) |
| 23:06 | Age | Castle Age |
| 23:10 | Build | Town Center |
| 23:34 | Build | Town Center |
| 23:40 | Queue | Knight ×5 |
| 23:53 | Research | Chain Barding Armor |
| 24:07 | Queue | Villager (Male) |
| 24:25 | Queue | Knight |
| 24:32 | Queue | Villager (Male) |
| 24:32 | Queue | Villager (Male) |
| 24:46 | Build | Lumber Camp |
| 24:48 | Queue | Villager (Male) |
| 24:48 | Queue | Villager (Male) |
| 25:08 | Queue | Knight |
| 25:08 | Queue | Knight |
| 25:08 | Queue | Knight |
| 25:25 | Queue | Villager (Male) ×3 |
| 25:35 | Queue | Villager (Male) |
| 25:39 | Queue | Villager (Male) |
| 25:55 | Research | Husbandry |
| 26:07 | Queue | Knight |
| 26:07 | Queue | Knight |
| 26:17 | Research | Bow Saw |
| 26:31 | Queue | Knight |
| 26:31 | Queue | Knight |
| 26:40 | Queue | Villager (Male) |
| 26:55 | Build | Farm |
| 26:57 | Queue | Villager (Male) |
| 26:57 | Queue | Villager (Male) |
| 27:09 | Queue | Knight |
| 27:10 | Queue | Knight |
| 27:38 | Queue | Villager (Male) ×5 |
| 27:42 | Queue | Knight ×3 |
| 27:42 | Queue | Knight ×3 |
| 28:02 | Build | Town Center |
| 28:05 | Queue | Villager (Male) |
| 28:23 | Queue | Knight |
| 28:24 | Queue | Knight |
| 28:29 | Queue | Villager (Male) ×2 |
| 28:34 | Build | Farm |
| 28:36 | Build | Farm |
| 28:37 | Build | Farm |
| 29:13 | Queue | Knight ×3 |
| 29:14 | Queue | Villager (Male) ×3 |
| 29:22 | Build | Farm |
| 29:23 | Build | Farm |
| 29:24 | Build | Farm |
| 29:25 | Build | Farm |
| 29:27 | Build | Farm |
| 29:33 | Queue | Villager (Male) |
| 29:46 | Build | Mill |
| 29:55 | Queue | Villager (Male) ×2 |
| 30:08 | Build | Mill |
| 30:31 | Queue | Villager (Male) ×3 |
| 30:37 | Build | Farm |
| 30:38 | Build | Farm |
| 30:41 | Build | Farm |
| 30:42 | Queue | Knight |
| 31:27 | Queue | Knight ×5 |
| 31:28 | Queue | Villager (Male) |
| 31:28 | Queue | Villager (Male) |
| 31:59 | Queue | Villager (Male) ×5 |
Build order — Gareth Southgate
First 150 of 341 actions detected
| 0:19 | Build | Town Center |
| 2:28 | Queue | Villager (Male) |
| 2:28 | Queue | Villager (Male) |
| 2:29 | Queue | Villager (Male) |
| 2:29 | Queue | Villager (Male) |
| 2:39 | Build | House |
| 2:44 | Build | House |
| 3:44 | Queue | Villager (Male) |
| 3:51 | Research | Loom |
| 4:33 | Queue | Villager (Male) |
| 4:33 | Queue | Villager (Male) |
| 4:34 | Queue | Villager (Male) |
| 5:05 | Queue | Villager (Male) |
| 5:23 | Queue | Villager (Male) |
| 5:37 | Queue | Villager (Male) |
| 5:58 | Build | House |
| 6:21 | Build | Lumber Camp |
| 6:39 | Queue | Villager (Male) |
| 7:09 | Queue | Villager (Male) |
| 7:09 | Queue | Villager (Male) |
| 7:23 | Queue | Villager (Male) |
| 7:50 | Build | House |
| 8:05 | Build | Palisade Wall |
| 8:10 | Build | Palisade Wall |
| 8:19 | Build | House |
| 8:59 | Queue | Villager (Male) |
| 9:24 | Build | Mill |
| 9:26 | Queue | Villager (Male) |
| 9:41 | Build | Palisade Wall |
| 9:50 | Build | Palisade Wall |
| 10:03 | Build | Palisade Wall |
| 10:07 | Queue | Villager (Male) |
| 10:23 | Queue | Villager (Male) |
| 11:04 | Build | Mill |
| 11:06 | Queue | Villager (Male) |
| 11:06 | Queue | Villager (Male) |
| 11:24 | Research | Feudal Age |
| 12:09 | Build | Barracks |
| 12:55 | Build | Mill |
| 12:58 | Queue | Villager (Male) |
| 12:58 | Queue | Villager (Male) |
| 13:25 | Build | Mill |
| 13:41 | Age | Feudal Age |
| 13:46 | Queue | Spearman |
| 13:47 | Queue | Spearman |
| 14:10 | Research | Wheelbarrow |
| 14:21 | Queue | Spearman |
| 14:31 | Build | House |
| 14:33 | Build | House |
| 14:36 | Queue | Spearman |
| 14:37 | Research | Double-Bit Axe |
| 15:19 | Build | Archery Range |
| 15:21 | Queue | Villager (Male) |
| 15:21 | Queue | Villager (Male) |
| 16:05 | Queue | Villager (Male) |
| 16:24 | Build | Mining Camp |
| 16:25 | Queue | Villager (Male) |
| 16:26 | Queue | Villager (Male) |
| 16:46 | Queue | Archer |
| 16:46 | Queue | Archer |
| 17:04 | Queue | Villager (Male) |
| 17:37 | Research | Gold Mining |
| 17:39 | Queue | Villager (Male) |
| 17:55 | Build | House |
| 17:57 | Build | House |
| 18:01 | Build | House |
| 18:02 | Build | House |
| 18:05 | Build | Palisade Wall |
| 18:09 | Queue | Villager (Male) |
| 18:49 | Queue | Archer |
| 18:50 | Queue | Archer |
| 18:50 | Queue | Archer |
| 19:05 | Build | Blacksmith |
| 19:17 | Build | Lumber Camp |
| 19:34 | Queue | Archer |
| 19:34 | Queue | Archer |
| 19:50 | Queue | Archer |
| 20:09 | Queue | Archer |
| 20:22 | Queue | Villager (Male) |
| 20:22 | Queue | Villager (Male) |
| 20:38 | Build | House |
| 20:40 | Build | House |
| 20:47 | Research | Castle Age |
| 21:51 | Build | Archery Range |
| 21:58 | Research | Fletching |
| 21:59 | Research | Padded Archer Armor |
| 22:14 | Build | Archery Range |
| 22:17 | Build | Archery Range |
| 22:58 | Build | Mill |
| 23:04 | Queue | Skirmisher |
| 23:04 | Queue | Skirmisher |
| 23:05 | Queue | Skirmisher |
| 23:28 | Age | Castle Age |
| 23:32 | Build | Town Center |
| 24:15 | Build | Farm |
| 24:16 | Build | Farm |
| 24:18 | Build | Farm |
| 24:19 | Build | Farm |
| 24:25 | Research | Bow Saw |
| 26:24 | Queue | Villager (Male) |
| 26:24 | Queue | Villager (Male) |
| 26:29 | Build | Town Center |
| 26:34 | Queue | Skirmisher |
| 26:34 | Queue | Skirmisher |
| 26:35 | Queue | Skirmisher |
| 27:03 | Build | Farm |
| 27:29 | Queue | Villager (Male) |
| 28:05 | Build | Market |
| 28:10 | Queue | Skirmisher |
| 28:10 | Queue | Skirmisher |
| 28:24 | Research | Elite Skirmisher (upgrade) |
| 29:00 | Build | University |
| 29:04 | Build | Lumber Camp |
| 29:21 | Build | Mining Camp |
| 29:28 | Build | Lumber Camp |
| 29:30 | Queue | Villager (Male) |
| 29:30 | Queue | Villager (Male) |
| 30:01 | Research | Ballistics |
| 30:17 | Queue | Villager (Male) |
| 31:02 | Queue | Villager (Male) |
| 31:31 | Build | Town Center |
| 31:39 | Build | Farm |
| 31:40 | Build | Farm |
| 31:44 | Queue | Villager (Male) |
| 31:52 | Build | Farm |
| 31:55 | Build | Farm |
| 32:32 | Research | Bodkin Arrow |
| 32:41 | Queue | Villager (Male) |
| 32:41 | Queue | Villager (Male) |
| 33:03 | Build | Farm |
| 33:04 | Build | Farm |
| 33:07 | Queue | Villager (Male) |
| 33:14 | Queue | Villager (Male) |
| 33:15 | Queue | Villager (Male) |
| 33:15 | Queue | Villager (Male) |
| 33:41 | Queue | Villager (Male) |
| 33:41 | Queue | Villager (Male) |
| 34:04 | Build | Barracks |
| 34:12 | Queue | Villager (Male) |
| 34:13 | Queue | Villager (Male) |
| 34:15 | Queue | Villager (Male) |
| 34:21 | Build | Farm |
| 34:23 | Build | Farm |
| 34:28 | Research | Horse Collar |
| 34:45 | Queue | Skirmisher |
| 34:46 | Queue | Skirmisher |
| 34:46 | Queue | Skirmisher |
| 35:04 | Build | Barracks |
| 35:09 | Research | Forging |
| 35:10 | Queue | Villager (Male) |
Build order — ChuckAcsuka
First 150 of 463 actions detected
| 0:14 | Build | Town Center |
| 0:27 | Build | House |
| 2:43 | Queue | Villager (Male) |
| 2:43 | Queue | Villager (Male) |
| 2:44 | Queue | Villager (Male) |
| 2:44 | Queue | Villager (Male) |
| 2:44 | Queue | Villager (Male) |
| 2:44 | Queue | Villager (Male) |
| 2:44 | Queue | Villager (Male) |
| 4:16 | Queue | Villager (Male) |
| 4:16 | Queue | Villager (Male) |
| 4:16 | Queue | Villager (Male) |
| 4:39 | Queue | Villager (Male) |
| 4:39 | Queue | Villager (Male) |
| 4:48 | Build | House |
| 4:52 | Build | Lumber Camp |
| 5:07 | Queue | Villager (Male) |
| 5:07 | Queue | Villager (Male) |
| 5:08 | Queue | Villager (Male) |
| 5:08 | Queue | Villager (Male) |
| 5:22 | Build | House |
| 5:33 | Queue | Villager (Male) |
| 5:33 | Queue | Villager (Male) |
| 5:58 | Queue | Villager (Male) |
| 5:58 | Queue | Villager (Male) |
| 5:58 | Queue | Villager (Male) |
| 6:14 | Build | Outpost |
| 6:18 | Build | Outpost |
| 6:19 | Build | Outpost |
| 6:20 | Queue | Villager (Male) |
| 6:20 | Queue | Villager (Male) |
| 6:21 | Queue | Villager (Male) |
| 6:21 | Queue | Villager (Male) |
| 6:26 | Research | Loom |
| 6:48 | Build | House |
| 6:53 | Queue | Villager (Male) |
| 6:53 | Queue | Villager (Male) |
| 6:53 | Queue | Villager (Male) |
| 6:53 | Queue | Villager (Male) |
| 6:59 | Queue | Villager (Male) |
| 6:59 | Queue | Villager (Male) |
| 7:26 | Queue | Villager (Male) |
| 7:26 | Queue | Villager (Male) |
| 7:38 | Build | Mill |
| 7:58 | Queue | Villager (Male) |
| 7:59 | Queue | Villager (Male) |
| 8:24 | Queue | Villager (Male) |
| 8:24 | Queue | Villager (Male) |
| 8:37 | Queue | Villager (Male) |
| 8:55 | Queue | Villager (Male) |
| 8:55 | Queue | Villager (Male) |
| 9:15 | Build | Mining Camp |
| 9:25 | Queue | Villager (Male) |
| 9:25 | Queue | Villager (Male) |
| 9:39 | Build | Outpost |
| 9:44 | Build | Outpost |
| 9:48 | Queue | Villager (Male) |
| 9:48 | Queue | Villager (Male) |
| 10:03 | Build | House |
| 10:08 | Queue | Villager (Male) |
| 10:09 | Queue | Villager (Male) |
| 10:11 | Queue | Villager (Male) |
| 10:11 | Queue | Villager (Male) |
| 10:31 | Build | House |
| 10:39 | Build | Palisade Gate |
| 11:01 | Queue | Villager (Male) |
| 11:02 | Queue | Villager (Male) |
| 11:12 | Queue | Villager (Male) |
| 11:13 | Queue | Villager (Male) |
| 11:24 | Research | Loom |
| 11:31 | Build | House |
| 11:38 | Build | Palisade Wall |
| 11:53 | Build | Outpost |
| 11:56 | Queue | Villager (Male) |
| 11:56 | Queue | Villager (Male) |
| 11:58 | Queue | Villager (Male) |
| 11:58 | Queue | Villager (Male) |
| 12:28 | Research | Feudal Age |
| 12:59 | Build | Lumber Camp |
| 13:20 | Build | House |
| 13:26 | Build | Outpost |
| 13:48 | Queue | Villager (Male) |
| 13:48 | Queue | Villager (Male) |
| 13:52 | Build | Barracks |
| 14:31 | Build | Palisade Gate |
| 14:38 | Build | Palisade Wall |
| 14:40 | Build | Palisade Wall |
| 14:56 | Age | Feudal Age |
| 14:58 | Queue | Spearman |
| 14:58 | Queue | Spearman |
| 15:05 | Queue | Spearman |
| 15:12 | Queue | Spearman |
| 15:16 | Research | Wheelbarrow |
| 15:47 | Queue | Villager (Male) |
| 15:48 | Queue | Villager (Male) |
| 16:12 | Queue | Spearman |
| 16:25 | Build | Market |
| 16:45 | Research | Double-Bit Axe |
| 16:55 | Build | Palisade Wall |
| 16:58 | Build | Palisade Wall |
| 17:09 | Queue | Villager (Male) |
| 17:10 | Queue | Spearman |
| 17:19 | Queue | Spearman |
| 17:35 | Build | Blacksmith |
| 18:30 | Build | Mill |
| 19:08 | Queue | Spearman |
| 19:32 | Research | Castle Age |
| 21:15 | Build | House |
| 21:18 | Queue | Spearman |
| 22:12 | Age | Castle Age |
| 22:16 | Build | Town Center |
| 22:25 | Build | Town Center |
| 22:35 | Build | Mining Camp |
| 22:44 | Queue | Villager (Male) |
| 22:44 | Queue | Villager (Male) |
| 22:55 | Build | House |
| 23:06 | Queue | Villager (Male) |
| 23:37 | Build | Town Center |
| 23:39 | Queue | Villager (Male) |
| 23:39 | Queue | Villager (Male) |
| 23:44 | Queue | Villager (Male) |
| 23:45 | Queue | Villager (Male) |
| 23:45 | Queue | Villager (Male) |
| 23:45 | Queue | Villager (Male) |
| 23:51 | Research | Horse Collar |
| 24:11 | Research | Squires |
| 24:12 | Queue | Villager (Male) |
| 24:12 | Queue | Villager (Male) |
| 24:23 | Queue | Villager (Male) |
| 24:23 | Queue | Villager (Male) |
| 24:31 | Research | Stone Mining |
| 24:33 | Queue | Villager (Male) |
| 24:33 | Queue | Villager (Male) |
| 24:39 | Build | Outpost |
| 24:43 | Build | Outpost |
| 24:57 | Build | Farm |
| 25:00 | Build | Farm |
| 25:16 | Build | Farm |
| 25:44 | Queue | Villager (Male) |
| 25:44 | Queue | Villager (Male) |
| 26:03 | Build | Castle |
| 26:15 | Build | House |
| 26:16 | Build | House |
| 26:20 | Queue | Villager (Male) |
| 26:20 | Queue | Villager (Male) |
| 26:21 | Queue | Villager (Male) |
| 26:21 | Queue | Villager (Male) |
| 26:24 | Build | Farm |
| 26:35 | Build | Lumber Camp |
| 26:52 | Queue | Villager (Male) |
Build order — Hiro
First 150 of 359 actions detected
| 0:20 | Build | Town Center |
| 1:29 | Build | House |
| 2:49 | Build | Palisade Wall |
| 2:53 | Build | Palisade Wall |
| 2:54 | Queue | Villager (Male) |
| 2:54 | Queue | Villager (Male) |
| 2:55 | Queue | Villager (Male) |
| 2:55 | Queue | Villager (Male) |
| 2:55 | Queue | Villager (Male) |
| 4:28 | Queue | Villager (Male) |
| 4:29 | Queue | Villager (Male) |
| 4:35 | Build | House |
| 4:51 | Queue | Villager (Male) |
| 5:12 | Queue | Villager (Male) |
| 5:22 | Build | Lumber Camp |
| 5:33 | Queue | Villager (Male) |
| 5:42 | Build | House |
| 5:54 | Queue | Villager (Male) |
| 5:54 | Queue | Villager (Male) |
| 5:54 | Queue | Villager (Male) |
| 6:25 | Queue | Villager (Male) |
| 6:48 | Research | Loom |
| 6:48 | Queue | Villager (Male) |
| 7:04 | Build | Mill |
| 7:10 | Queue | Villager (Male) |
| 7:11 | Queue | Villager (Male) |
| 7:58 | Queue | Villager (Male) |
| 8:23 | Queue | Villager (Male) |
| 8:32 | Queue | Villager (Male) |
| 8:38 | Build | House |
| 8:54 | Queue | Villager (Male) |
| 9:29 | Queue | Villager (Male) |
| 9:40 | Queue | Villager (Male) |
| 10:03 | Queue | Villager (Male) |
| 10:59 | Build | Farm |
| 11:05 | Build | Barracks |
| 11:16 | Research | Feudal Age |
| 11:36 | Build | Farm |
| 11:49 | Build | Mill |
| 12:48 | Build | Palisade Wall |
| 12:51 | Build | Palisade Wall |
| 13:15 | Build | Farm |
| 13:19 | Age | Feudal Age |
| 13:28 | Build | Stable |
| 13:32 | Queue | Villager (Male) |
| 13:32 | Queue | Villager (Male) |
| 13:38 | Build | Blacksmith |
| 13:45 | Queue | Villager (Male) |
| 13:48 | Build | House |
| 14:01 | Queue | Scout Cavalry |
| 14:17 | Build | Mill |
| 14:20 | Queue | Villager (Male) |
| 14:25 | Build | House |
| 14:27 | Build | House |
| 14:31 | Research | Scale Barding Armor |
| 14:34 | Queue | Scout Cavalry |
| 14:35 | Queue | Scout Cavalry |
| 14:58 | Build | House |
| 15:01 | Build | Farm |
| 15:09 | Queue | Scout Cavalry |
| 15:12 | Queue | Villager (Male) |
| 15:13 | Queue | Villager (Male) |
| 15:40 | Build | Farm |
| 16:40 | Queue | Villager (Male) |
| 16:40 | Queue | Villager (Male) |
| 16:44 | Build | Mining Camp |
| 16:49 | Queue | Spearman |
| 17:06 | Queue | Villager (Male) |
| 17:27 | Build | Palisade Wall |
| 17:34 | Queue | Villager (Male) |
| 17:40 | Build | Palisade Wall |
| 18:14 | Build | Farm |
| 18:21 | Build | Farm |
| 18:24 | Queue | Villager (Male) |
| 18:30 | Queue | Spearman |
| 19:07 | Queue | Spearman |
| 19:10 | Build | Archery Range |
| 19:13 | Research | Castle Age |
| 19:34 | Research | Fletching |
| 19:36 | Queue | Villager (Male) |
| 20:00 | Queue | Villager (Male) |
| 20:08 | Queue | Archer |
| 20:21 | Queue | Villager (Male) |
| 20:46 | Queue | Villager (Male) |
| 20:51 | Queue | Archer |
| 21:12 | Research | Padded Archer Armor |
| 21:12 | Queue | Villager (Male) |
| 21:15 | Research | Double-Bit Axe |
| 21:38 | Age | Castle Age |
| 21:47 | Queue | Cavalry Archer |
| 21:59 | Queue | Villager (Male) |
| 22:17 | Research | Bloodlines |
| 22:40 | Queue | Knight |
| 22:42 | Queue | Villager (Male) |
| 22:53 | Build | Town Center |
| 22:57 | Queue | Villager (Male) |
| 23:13 | Queue | Cavalry Archer |
| 23:16 | Queue | Villager (Male) |
| 23:23 | Queue | Knight |
| 23:36 | Queue | Villager (Male) |
| 23:43 | Queue | Knight |
| 24:19 | Queue | Knight |
| 24:19 | Queue | Villager (Male) |
| 24:36 | Build | Siege Workshop |
| 24:46 | Queue | Villager (Male) |
| 24:47 | Queue | Villager (Male) |
| 24:50 | Build | Farm |
| 25:00 | Research | Town Watch |
| 25:03 | Queue | Villager (Male) |
| 25:04 | Queue | Villager (Male) |
| 25:29 | Build | House |
| 25:33 | Build | House |
| 25:36 | Build | Lumber Camp |
| 25:53 | Queue | Knight |
| 25:56 | Queue | Mangonel |
| 25:59 | Build | House |
| 26:22 | Build | Monastery |
| 26:27 | Queue | Camel Scout |
| 26:33 | Queue | Villager (Male) |
| 26:34 | Queue | Villager (Male) |
| 26:38 | Build | Farm |
| 26:40 | Build | Farm |
| 26:46 | Build | House |
| 26:47 | Build | House |
| 26:52 | Queue | Camel Scout |
| 27:05 | Build | House |
| 27:08 | Queue | Monk |
| 27:26 | Queue | Camel Scout |
| 27:26 | Queue | Camel Scout |
| 27:54 | Queue | Villager (Male) |
| 27:55 | Queue | Villager (Male) |
| 28:11 | Build | House |
| 28:24 | Queue | Villager (Male) |
| 28:25 | Queue | Villager (Male) |
| 28:30 | Build | Mining Camp |
| 28:32 | Build | Farm |
| 28:33 | Build | Farm |
| 28:33 | Build | Farm |
| 28:33 | Build | Farm |
| 28:34 | Build | Farm |
| 28:34 | Build | Farm |
| 28:34 | Build | Farm |
| 28:42 | Build | Mill |
| 28:43 | Build | Farm |
| 28:43 | Build | Farm |
| 28:43 | Build | Farm |
| 28:44 | Build | Farm |
| 28:44 | Build | Farm |
| 28:44 | Build | Farm |
| 28:44 | Build | Farm |
Build order — TheHalloweenGambit
First 150 of 411 actions detected
| 0:12 | Build | Town Center |
| 2:33 | Build | House |
| 2:47 | Queue | Villager (Male) |
| 2:47 | Queue | Villager (Male) |
| 2:48 | Queue | Villager (Male) |
| 3:56 | Queue | Villager (Male) |
| 4:28 | Queue | Villager (Male) |
| 4:42 | Research | Loom |
| 4:48 | Build | House |
| 4:52 | Queue | Villager (Male) |
| 5:44 | Queue | Villager (Male) |
| 6:09 | Queue | Villager (Male) |
| 6:22 | Build | Lumber Camp |
| 6:33 | Queue | Villager (Male) |
| 6:55 | Queue | Villager (Male) |
| 7:15 | Build | House |
| 7:22 | Queue | Villager (Male) |
| 7:49 | Queue | Villager (Male) |
| 8:18 | Queue | Villager (Male) |
| 8:47 | Queue | Villager (Male) |
| 9:09 | Build | Mill |
| 9:14 | Queue | Villager (Male) |
| 9:57 | Queue | Villager (Male) |
| 10:01 | Build | House |
| 10:13 | Build | House |
| 10:18 | Research | Feudal Age |
| 12:03 | Build | House |
| 12:05 | Build | House |
| 12:12 | Build | Palisade Wall |
| 12:13 | Build | House |
| 12:28 | Build | Palisade Gate |
| 12:32 | Age | Feudal Age |
| 12:40 | Queue | Villager (Male) |
| 12:41 | Queue | Villager (Male) |
| 12:52 | Build | Barracks |
| 13:09 | Queue | Villager (Male) |
| 13:50 | Build | Stable |
| 14:13 | Queue | Villager (Male) |
| 14:39 | Build | House |
| 14:42 | Queue | Villager (Male) |
| 14:48 | Queue | Villager (Male) |
| 15:14 | Build | Mining Camp |
| 15:31 | Queue | Villager (Male) |
| 15:49 | Queue | Villager (Male) |
| 15:54 | Queue | Scout Cavalry |
| 15:55 | Queue | Scout Cavalry |
| 15:55 | Queue | Scout Cavalry |
| 16:04 | Research | Double-Bit Axe |
| 16:07 | Research | Horse Collar |
| 16:32 | Queue | Villager (Male) |
| 16:37 | Queue | Villager (Male) |
| 16:38 | Queue | Villager (Male) |
| 16:38 | Queue | Villager (Male) |
| 17:08 | Queue | Scout Cavalry |
| 17:21 | Build | Mill |
| 18:03 | Queue | Villager (Male) |
| 18:03 | Queue | Villager (Male) |
| 18:03 | Queue | Villager (Male) |
| 18:22 | Build | Blacksmith |
| 19:10 | Research | Castle Age |
| 19:12 | Research | Wheelbarrow |
| 19:19 | Build | Stable |
| 19:53 | Research | Gold Mining |
| 20:25 | Research | Bloodlines |
| 21:40 | Build | Stable |
| 21:57 | Build | Mining Camp |
| 22:07 | Age | Castle Age |
| 22:12 | Build | Town Center |
| 22:20 | Research | Husbandry |
| 22:21 | Queue | Steppe Lancer ×4 |
| 22:34 | Research | Scale Barding Armor |
| 22:46 | Build | Farm |
| 22:47 | Build | Farm |
| 22:47 | Build | Farm |
| 22:47 | Build | Farm |
| 22:58 | Queue | Villager (Male) |
| 23:05 | Build | Farm |
| 23:05 | Build | Farm |
| 23:05 | Build | Farm |
| 23:06 | Build | Farm |
| 23:10 | Build | Farm |
| 23:15 | Build | House |
| 23:16 | Build | House |
| 23:17 | Build | House |
| 23:18 | Build | House |
| 23:38 | Queue | Steppe Lancer |
| 23:39 | Queue | Steppe Lancer |
| 23:55 | Build | Stone Wall |
| 24:13 | Build | Farm |
| 24:14 | Build | Farm |
| 24:27 | Queue | Steppe Lancer ×2 |
| 24:34 | Build | Stable |
| 24:39 | Build | Stone Wall |
| 24:46 | Queue | Villager (Male) |
| 24:46 | Queue | Villager (Male) |
| 24:54 | Build | Farm |
| 25:05 | Queue | Villager (Male) ×2 |
| 25:05 | Queue | Villager (Male) ×2 |
| 25:24 | Build | Farm |
| 25:24 | Build | Farm |
| 25:55 | Queue | Steppe Lancer ×3 |
| 25:55 | Queue | Steppe Lancer ×3 |
| 25:58 | Queue | Villager (Male) |
| 26:03 | Build | Farm |
| 26:03 | Build | Farm |
| 26:04 | Build | Farm |
| 26:05 | Build | Farm |
| 26:18 | Build | House |
| 26:19 | Build | House |
| 26:20 | Build | House |
| 26:34 | Queue | Villager (Male) |
| 26:34 | Queue | Villager (Male) |
| 26:34 | Queue | Villager (Male) |
| 26:34 | Queue | Villager (Male) |
| 26:52 | Research | Heavy Plow |
| 27:19 | Queue | Villager (Male) |
| 27:19 | Queue | Villager (Male) |
| 27:20 | Queue | Villager (Male) |
| 27:25 | Queue | Steppe Lancer |
| 27:25 | Queue | Steppe Lancer |
| 27:25 | Queue | Steppe Lancer |
| 27:31 | Build | Farm |
| 27:39 | Build | House |
| 27:40 | Build | House |
| 27:44 | Build | Market |
| 27:45 | Queue | Villager (Male) |
| 27:46 | Queue | Villager (Male) |
| 27:49 | Queue | Steppe Lancer ×2 |
| 27:49 | Queue | Steppe Lancer ×2 |
| 28:19 | Queue | Steppe Lancer ×3 |
| 28:20 | Queue | Steppe Lancer ×3 |
| 28:25 | Build | Farm |
| 28:26 | Build | Farm |
| 28:26 | Build | Farm |
| 28:26 | Build | Farm |
| 28:32 | Queue | Villager (Male) |
| 28:32 | Queue | Villager (Male) |
| 28:43 | Queue | Steppe Lancer |
| 28:43 | Queue | Steppe Lancer |
| 29:23 | Queue | Villager (Male) |
| 29:23 | Queue | Villager (Male) |
| 29:23 | Queue | Villager (Male) |
| 29:25 | Queue | Villager (Male) |
| 29:34 | Build | Lumber Camp |
| 29:42 | Queue | Steppe Lancer ×4 |
| 29:42 | Queue | Camel Scout ×5 |
| 29:42 | Queue | Steppe Lancer ×4 |
| 30:00 | Build | Town Center |
| 30:14 | Queue | Steppe Lancer ×3 |
| 30:14 | Queue | Steppe Lancer ×3 |
Build order — 会发育
First 150 of 306 actions detected
| 0:24 | Build | Town Center |
| 2:04 | Build | House |
| 2:38 | Queue | Villager (Male) |
| 2:38 | Queue | Villager (Male) |
| 2:39 | Queue | Villager (Male) |
| 2:39 | Queue | Villager (Male) |
| 2:44 | Build | House |
| 3:55 | Queue | Villager (Male) |
| 4:24 | Build | Lumber Camp |
| 4:24 | Queue | Villager (Male) |
| 4:49 | Queue | Villager (Male) |
| 4:49 | Queue | Villager (Male) |
| 5:09 | Queue | Villager (Male) |
| 5:56 | Queue | Villager (Male) |
| 6:05 | Build | Mill |
| 6:11 | Build | Mill |
| 6:13 | Queue | Villager (Male) |
| 6:13 | Queue | Villager (Male) |
| 6:35 | Queue | Villager (Male) |
| 6:43 | Build | House |
| 7:01 | Queue | Villager (Male) |
| 7:02 | Queue | Villager (Male) |
| 7:29 | Build | House |
| 7:53 | Queue | Villager (Male) |
| 7:54 | Queue | Villager (Male) |
| 7:54 | Queue | Villager (Male) |
| 8:23 | Queue | Villager (Male) |
| 8:59 | Queue | Villager (Male) |
| 9:00 | Queue | Villager (Male) |
| 9:06 | Queue | Villager (Male) |
| 10:01 | Queue | Villager (Male) |
| 10:02 | Queue | Villager (Male) |
| 10:02 | Queue | Villager (Male) |
| 10:18 | Queue | Villager (Male) |
| 10:19 | Queue | Villager (Male) |
| 10:25 | Queue | Villager (Male) |
| 11:21 | Build | Mining Camp |
| 11:35 | Build | Barracks |
| 12:08 | Build | Mill |
| 12:20 | Research | Feudal Age |
| 12:26 | Build | House |
| 13:00 | Build | House |
| 13:37 | Build | Palisade Wall |
| 13:57 | Build | Palisade Wall |
| 14:11 | Queue | Villager (Male) |
| 14:12 | Queue | Villager (Male) |
| 14:30 | Age | Feudal Age |
| 14:32 | Build | Market |
| 14:35 | Build | Blacksmith |
| 14:57 | Build | House |
| 15:01 | Build | Palisade Wall |
| 15:10 | Build | Palisade Wall |
| 15:22 | Research | Castle Age |
| 15:22 | Research | Castle Age |
| 15:28 | Queue | Spearman |
| 15:41 | Build | Farm |
| 15:53 | Build | Stable |
| 16:19 | Research | Double-Bit Axe |
| 16:32 | Build | Farm |
| 16:53 | Build | Farm |
| 17:21 | Build | Stable |
| 17:24 | Queue | Villager (Male) |
| 18:02 | Age | Castle Age |
| 18:02 | Queue | Knight |
| 18:10 | Build | Town Center |
| 18:15 | Queue | Villager (Male) |
| 18:20 | Build | House |
| 18:47 | Queue | Knight |
| 18:50 | Build | House |
| 19:05 | Queue | Villager (Male) |
| 19:08 | Build | House |
| 19:31 | Queue | Villager (Male) |
| 19:31 | Queue | Villager (Male) |
| 19:35 | Build | Farm |
| 19:49 | Queue | Villager (Male) |
| 19:54 | Build | House |
| 20:04 | Research | Scale Barding Armor |
| 20:19 | Queue | Knight |
| 20:22 | Queue | Villager (Male) |
| 20:26 | Build | Farm |
| 20:26 | Build | Farm |
| 20:28 | Build | Farm |
| 20:29 | Build | Farm |
| 20:29 | Build | Farm |
| 20:30 | Queue | Villager (Male) |
| 20:39 | Build | House |
| 20:46 | Queue | Villager (Male) |
| 21:21 | Queue | Villager (Male) |
| 21:22 | Queue | Villager (Male) |
| 21:24 | Build | House |
| 21:37 | Queue | Villager (Male) |
| 21:45 | Queue | Villager (Male) |
| 21:45 | Queue | Villager (Male) |
| 21:51 | Build | Town Center |
| 22:06 | Build | Farm |
| 22:09 | Build | Farm |
| 22:12 | Queue | Villager (Male) |
| 22:25 | Build | Palisade Wall |
| 22:27 | Build | Palisade Wall |
| 22:29 | Queue | Villager (Male) |
| 22:30 | Queue | Villager (Male) |
| 22:33 | Build | Farm |
| 22:36 | Build | Farm |
| 22:39 | Queue | Villager (Male) |
| 22:57 | Queue | Villager (Male) |
| 23:00 | Build | Farm |
| 23:09 | Queue | Villager (Male) |
| 23:21 | Build | Palisade Wall |
| 23:23 | Queue | Villager (Male) |
| 23:24 | Queue | Villager (Male) |
| 23:34 | Queue | Villager (Male) |
| 23:43 | Build | Palisade Gate |
| 23:46 | Queue | Villager (Male) |
| 23:46 | Queue | Villager (Male) |
| 23:53 | Build | Farm |
| 23:54 | Build | Farm |
| 23:56 | Queue | Villager (Male) |
| 23:56 | Queue | Villager (Male) |
| 24:00 | Build | House |
| 24:01 | Build | House |
| 24:11 | Queue | Villager (Male) |
| 24:12 | Queue | Villager (Male) |
| 24:21 | Research | Horse Collar |
| 24:26 | Build | Farm |
| 24:37 | Queue | Villager (Male) |
| 24:38 | Queue | Villager (Male) |
| 24:38 | Queue | Villager (Male) |
| 24:39 | Queue | Villager (Male) |
| 24:42 | Build | House |
| 24:50 | Build | Farm |
| 25:00 | Queue | Villager (Male) |
| 25:01 | Queue | Villager (Male) |
| 25:01 | Queue | Villager (Male) |
| 25:07 | Build | Mining Camp |
| 25:11 | Build | Palisade Wall |
| 25:14 | Queue | Villager (Male) |
| 25:15 | Queue | Villager (Male) |
| 25:24 | Queue | Villager (Male) |
| 25:42 | Build | Palisade Wall |
| 25:45 | Queue | Villager (Male) |
| 25:45 | Queue | Villager (Male) |
| 25:46 | Queue | Villager (Male) |
| 25:59 | Build | Siege Workshop |
| 26:02 | Queue | Villager (Male) |
| 26:03 | Queue | Villager (Male) |
| 26:07 | Build | Farm |
| 26:17 | Research | Stone Mining |
| 26:19 | Research | Wheelbarrow |
| 26:20 | Queue | Villager (Male) |
| 26:20 | Queue | Villager (Male) |
Build order — Tim der Gothe
First 150 of 346 actions detected
| 0:31 | Build | Town Center |
| 1:15 | Build | House |
| 1:17 | Build | House |
| 1:21 | Build | Mill |
| 2:58 | Research | Loom |
| 2:58 | Research | Loom |
| 2:59 | Queue | Villager (Male) |
| 2:59 | Queue | Villager (Male) |
| 3:00 | Queue | Villager (Male) |
| 3:00 | Queue | Villager (Male) |
| 3:00 | Queue | Villager (Male) |
| 5:10 | Queue | Villager (Male) |
| 5:10 | Queue | Villager (Male) |
| 5:28 | Build | House |
| 5:29 | Build | House |
| 5:34 | Queue | Villager (Male) |
| 5:34 | Queue | Villager (Male) |
| 6:44 | Queue | Villager (Male) |
| 6:44 | Queue | Villager (Male) |
| 7:16 | Queue | Villager (Male) |
| 7:56 | Queue | Villager (Male) |
| 7:56 | Queue | Villager (Male) |
| 7:56 | Queue | Villager (Male) |
| 8:17 | Queue | Villager (Male) |
| 8:17 | Queue | Villager (Male) |
| 8:27 | Queue | Villager (Male) |
| 8:56 | Build | Lumber Camp |
| 9:02 | Queue | Villager (Male) |
| 9:03 | Queue | Villager (Male) |
| 9:03 | Queue | Villager (Male) |
| 9:38 | Queue | Villager (Male) |
| 10:44 | Queue | Villager (Male) |
| 11:14 | Build | Mill |
| 11:19 | Queue | Villager (Male) |
| 11:44 | Research | Feudal Age |
| 12:20 | Build | House |
| 12:22 | Build | House |
| 12:48 | Queue | Villager (Male) |
| 12:48 | Queue | Villager (Male) |
| 12:48 | Queue | Villager (Male) |
| 14:04 | Build | Mill |
| 14:19 | Age | Feudal Age |
| 14:38 | Build | Market |
| 14:56 | Queue | Villager (Male) |
| 15:11 | Build | Blacksmith |
| 15:58 | Research | Castle Age |
| 15:58 | Research | Castle Age |
| 16:03 | Research | Double-Bit Axe |
| 16:06 | Research | Horse Collar |
| 16:19 | Build | Mining Camp |
| 16:50 | Research | Stone Mining |
| 16:57 | Research | Gold Mining |
| 17:39 | Build | Barracks |
| 18:32 | Research | Wheelbarrow |
| 18:39 | Age | Castle Age |
| 18:43 | Build | Town Center |
| 19:04 | Queue | Spearman |
| 19:33 | Queue | Spearman |
| 19:33 | Queue | Spearman |
| 19:40 | Build | Farm |
| 19:41 | Build | Farm |
| 19:41 | Build | Farm |
| 19:41 | Build | Farm |
| 19:42 | Build | Farm |
| 19:51 | Build | House |
| 19:53 | Build | House |
| 20:46 | Research | Town Watch |
| 21:28 | Queue | Villager (Male) |
| 21:28 | Queue | Villager (Male) |
| 21:42 | Queue | Villager (Male) |
| 21:43 | Queue | Villager (Male) |
| 21:50 | Build | House |
| 22:11 | Build | Town Center |
| 22:17 | Queue | Villager (Male) |
| 22:18 | Queue | Villager (Male) |
| 22:25 | Build | Monastery |
| 22:33 | Queue | Villager (Male) |
| 22:34 | Queue | Villager (Male) |
| 22:39 | Build | Farm |
| 22:43 | Build | Farm |
| 23:02 | Queue | Villager (Male) |
| 23:03 | Queue | Villager (Male) |
| 23:22 | Queue | Monk |
| 23:29 | Queue | Villager (Male) |
| 23:33 | Queue | Villager (Male) |
| 23:43 | Queue | Villager (Male) |
| 23:58 | Build | Farm |
| 23:59 | Build | Farm |
| 23:59 | Build | Farm |
| 23:59 | Build | Farm |
| 24:07 | Build | Farm |
| 24:10 | Queue | Villager (Male) |
| 24:10 | Queue | Villager (Male) |
| 24:11 | Queue | Villager (Male) |
| 24:23 | Queue | Villager (Male) |
| 24:23 | Queue | Villager (Male) |
| 24:42 | Queue | Villager (Male) |
| 24:43 | Queue | Villager (Male) |
| 24:57 | Build | Stable |
| 25:07 | Research | Bow Saw |
| 25:17 | Research | Heavy Plow |
| 25:30 | Queue | Villager (Male) |
| 25:36 | Build | Farm |
| 25:36 | Build | Farm |
| 25:37 | Build | Farm |
| 25:37 | Build | Farm |
| 25:37 | Build | Farm |
| 25:38 | Build | Farm |
| 25:46 | Queue | Villager (Male) |
| 25:47 | Queue | Villager (Male) |
| 25:48 | Queue | Villager (Male) |
| 25:54 | Build | House |
| 25:55 | Build | House |
| 25:56 | Build | House |
| 25:57 | Build | House |
| 25:58 | Build | House |
| 25:59 | Build | House |
| 26:06 | Queue | Unit 1944 |
| 26:06 | Queue | Unit 1944 |
| 26:17 | Queue | Villager (Male) |
| 26:18 | Queue | Villager (Male) |
| 26:35 | Queue | Villager (Male) |
| 26:36 | Queue | Villager (Male) |
| 26:48 | Queue | Villager (Male) |
| 26:56 | Build | University |
| 27:11 | Research | Bloodlines |
| 27:12 | Queue | Villager (Male) |
| 27:13 | Queue | Villager (Male) |
| 27:13 | Queue | Villager (Male) |
| 27:31 | Queue | Unit 1944 |
| 27:33 | Queue | Villager (Male) |
| 27:33 | Queue | Villager (Male) |
| 27:34 | Queue | Villager (Male) |
| 27:39 | Build | Farm |
| 28:15 | Build | Castle |
| 28:24 | Research | Fletching |
| 28:25 | Queue | Villager (Male) |
| 28:25 | Queue | Villager (Male) |
| 28:26 | Queue | Villager (Male) |
| 28:27 | Research | Ballistics |
| 28:34 | Build | Mill |
| 29:02 | Research | Hand Cart |
| 29:03 | Queue | Villager (Male) |
| 29:05 | Queue | Villager (Male) |
| 29:31 | Build | Town Center |
| 29:42 | Queue | Unit 1949 |
| 29:42 | Queue | Unit 1949 |
| 29:48 | Queue | Villager (Male) |
| 29:48 | Queue | Villager (Male) |
| 29:49 | Queue | Villager (Male) |
Build order — kongdu
First 150 of 291 actions detected
| 0:44 | Build | Town Center |
| 1:02 | Build | House |
| 3:11 | Queue | Villager (Male) |
| 3:12 | Queue | Villager (Male) |
| 3:12 | Queue | Villager (Male) |
| 3:12 | Queue | Villager (Male) |
| 3:12 | Queue | Villager (Male) |
| 4:13 | Build | Mill |
| 4:32 | Queue | Villager (Male) |
| 4:32 | Queue | Villager (Male) |
| 4:52 | Build | House |
| 4:53 | Build | House |
| 4:59 | Build | House |
| 5:34 | Queue | Villager (Male) |
| 5:34 | Queue | Villager (Male) |
| 5:34 | Queue | Villager (Male) |
| 6:03 | Queue | Villager (Male) |
| 6:41 | Queue | Villager (Male) |
| 6:42 | Queue | Villager (Male) |
| 6:42 | Queue | Villager (Male) |
| 6:57 | Build | Mill |
| 7:05 | Queue | Villager (Male) |
| 7:06 | Queue | Villager (Male) |
| 7:51 | Queue | Villager (Male) |
| 7:51 | Queue | Villager (Male) |
| 7:52 | Queue | Villager (Male) |
| 7:52 | Queue | Villager (Male) |
| 8:16 | Queue | Villager (Male) |
| 9:01 | Build | House |
| 9:02 | Build | House |
| 9:06 | Queue | Villager (Male) |
| 9:38 | Build | Barracks |
| 10:00 | Queue | Villager (Male) |
| 10:00 | Queue | Villager (Male) |
| 10:01 | Queue | Villager (Male) |
| 10:38 | Build | Mining Camp |
| 10:46 | Queue | Villager (Male) |
| 10:47 | Queue | Villager (Male) |
| 10:47 | Research | Loom |
| 11:29 | Research | Feudal Age |
| 12:11 | Build | House |
| 12:23 | Build | House |
| 12:35 | Queue | Villager (Male) |
| 12:35 | Queue | Villager (Male) |
| 14:49 | Age | Feudal Age |
| 14:52 | Build | Stable |
| 15:01 | Build | Blacksmith |
| 15:05 | Build | Mining Camp |
| 15:08 | Queue | Spearman |
| 15:08 | Queue | Spearman |
| 15:45 | Research | Castle Age |
| 15:58 | Queue | Scout Cavalry |
| 16:05 | Build | Lumber Camp |
| 16:21 | Build | Farm |
| 17:11 | Build | Farm |
| 17:14 | Build | Farm |
| 17:19 | Build | Farm |
| 18:14 | Build | House |
| 18:15 | Build | House |
| 18:17 | Queue | Villager (Male) |
| 18:20 | Build | Farm |
| 18:24 | Build | Farm |
| 18:25 | Age | Castle Age |
| 18:41 | Queue | Spearman |
| 19:19 | Build | Castle |
| 19:26 | Build | Palisade Wall |
| 19:32 | Build | Palisade Wall |
| 19:36 | Build | Palisade Gate |
| 20:35 | Build | Lumber Camp |
| 20:40 | Build | Lumber Camp |
| 20:43 | Queue | Mangudai |
| 20:44 | Queue | Mangudai |
| 21:03 | Build | House |
| 21:13 | Build | Palisade Gate |
| 21:16 | Build | House |
| 21:18 | Queue | Villager (Male) |
| 21:20 | Queue | Villager (Male) |
| 21:47 | Research | Fletching |
| 21:49 | Queue | Mangudai |
| 21:52 | Queue | Mangudai |
| 22:02 | Queue | Villager (Male) |
| 22:08 | Build | Farm |
| 23:16 | Queue | Villager (Male) |
| 23:19 | Queue | Villager (Male) |
| 23:24 | Build | Town Center |
| 23:30 | Build | Farm |
| 23:48 | Queue | Mangudai |
| 23:48 | Queue | Mangudai |
| 24:25 | Queue | Villager (Male) |
| 24:27 | Research | Wheelbarrow |
| 24:34 | Build | Farm |
| 24:41 | Build | House |
| 24:43 | Build | House |
| 24:45 | Build | House |
| 24:46 | Build | House |
| 24:48 | Build | House |
| 25:24 | Queue | Villager (Male) |
| 25:26 | Queue | Mangudai |
| 25:31 | Queue | Villager (Male) |
| 25:32 | Queue | Villager (Male) |
| 25:38 | Build | Farm |
| 25:38 | Build | Farm |
| 25:38 | Build | Farm |
| 25:43 | Build | Farm |
| 25:44 | Build | Farm |
| 25:56 | Research | Bodkin Arrow |
| 26:17 | Queue | Villager (Male) |
| 26:22 | Build | Farm |
| 26:23 | Build | Farm |
| 26:51 | Queue | Villager (Male) |
| 26:51 | Queue | Villager (Male) |
| 26:55 | Research | Double-Bit Axe |
| 27:02 | Queue | Mangudai |
| 27:19 | Queue | Villager (Male) |
| 27:20 | Queue | Villager (Male) |
| 27:35 | Build | Farm |
| 27:37 | Queue | Villager (Male) |
| 27:39 | Queue | Villager (Male) |
| 27:53 | Research | Horse Collar |
| 28:39 | Queue | Mangudai |
| 28:40 | Queue | Mangudai |
| 28:53 | Queue | Mangudai |
| 29:13 | Research | Bloodlines |
| 29:14 | Research | Husbandry |
| 29:30 | Queue | Villager (Male) |
| 29:32 | Research | Hand Cart |
| 29:33 | Queue | Villager (Male) |
| 29:34 | Queue | Villager (Male) |
| 29:36 | Build | Farm |
| 29:43 | Build | Stone Wall |
| 29:45 | Queue | Villager (Male) |
| 29:46 | Queue | Villager (Male) |
| 30:02 | Queue | Villager (Male) |
| 30:06 | Build | Farm |
| 30:13 | Build | Stone Wall |
| 30:19 | Build | Stone Wall |
| 30:22 | Build | Stone Wall |
| 30:25 | Queue | Mangudai |
| 30:27 | Queue | Mangudai |
| 30:45 | Queue | Villager (Male) |
| 30:45 | Queue | Villager (Male) |
| 30:48 | Queue | Villager (Male) |
| 31:07 | Build | Mining Camp |
| 31:19 | Queue | Mangudai |
| 31:20 | Queue | Mangudai |
| 31:26 | Research | Padded Archer Armor |
| 31:41 | Queue | Steppe Lancer |
| 31:42 | Queue | Camel Scout |
| 31:42 | Queue | Camel Scout |
| 33:04 | Queue | Mangudai ×4 |
Match timeline
| 2:49 | Hiro · wall_segment Palisade Wall x1 |
| 2:53 | Hiro · wall_segment Palisade Wall x1 |
| 8:05 | Gareth Southgate · wall_segment Palisade Wall x3 |
| 8:10 | Gareth Southgate · wall_segment Palisade Wall x1 |
| 9:38 | kongdu · first_building Barracks |
| 9:41 | Gareth Southgate · wall_segment Palisade Wall x2 |
| 9:50 | Gareth Southgate · wall_segment Palisade Wall x1 |
| 10:03 | Gareth Southgate · wall_segment Palisade Wall x5 |
| 11:05 | Hiro · first_building Barracks |
| 11:26 | Wololoagain1 · first_building Barracks |
| 11:35 | 会发育 · first_building Barracks |
| 11:38 | ChuckAcsuka · wall_segment Palisade Wall x1 |
| 12:09 | Gareth Southgate · first_building Barracks |
| 12:12 | TheHalloweenGambit · wall_segment Palisade Wall x1 |
| 12:19 | Wololoagain1 · age_up feudal |
| 12:27 | Wololoagain1 · first_building Stable |
| 12:32 | TheHalloweenGambit · age_up feudal |
| 12:48 | Hiro · wall_segment Palisade Wall x1 |
| 12:51 | Hiro · wall_segment Palisade Wall x1 |
| 12:52 | TheHalloweenGambit · first_building Barracks |
| 13:19 | Hiro · age_up feudal |
| 13:28 | Hiro · first_building Stable |
| 13:37 | 会发育 · wall_segment Palisade Wall x7 |
| 13:41 | Gareth Southgate · age_up feudal |
| 13:50 | TheHalloweenGambit · first_building Stable |
| 13:52 | ChuckAcsuka · first_building Barracks |
| 13:57 | 会发育 · wall_segment Palisade Wall x4 |
| 14:19 | Tim der Gothe · age_up feudal |
| 14:30 | 会发育 · age_up feudal |
| 14:38 | ChuckAcsuka · wall_segment Palisade Wall x1 |
| 14:40 | ChuckAcsuka · wall_segment Palisade Wall x1 |
| 14:49 | kongdu · age_up feudal |
| 14:52 | kongdu · first_building Stable |
| 14:56 | ChuckAcsuka · age_up feudal |
| 15:01 | 会发育 · wall_segment Palisade Wall x1 |
| 15:10 | 会发育 · wall_segment Palisade Wall x1 |
| 15:19 | Gareth Southgate · first_building Archery Range |
| 15:53 | 会发育 · first_building Stable |
| 16:55 | ChuckAcsuka · wall_segment Palisade Wall x1 |
| 16:58 | ChuckAcsuka · wall_segment Palisade Wall x1 |
| 17:27 | Hiro · wall_segment Palisade Wall x1 |
| 17:39 | Tim der Gothe · first_building Barracks |
| 17:40 | Hiro · wall_segment Palisade Wall x1 |
| 18:02 | 会发育 · age_up castle |
| 18:05 | Gareth Southgate · wall_segment Palisade Wall x1 |
| 18:13 | ChuckAcsuka · first_market_sell 100 stone |
| 18:16 | ChuckAcsuka · first_market_buy 100 food |
| 18:25 | kongdu · age_up castle |
| 18:39 | Tim der Gothe · age_up castle |
| 19:10 | Hiro · first_building Archery Range |
| 19:19 | kongdu · first_building Castle |
| 19:26 | kongdu · wall_segment Palisade Wall x1 |
| 19:32 | kongdu · wall_segment Palisade Wall x1 |
| 21:38 | Hiro · age_up castle |
| 22:07 | TheHalloweenGambit · age_up castle |
| 22:12 | ChuckAcsuka · age_up castle |
| 22:25 | Tim der Gothe · first_building Monastery |
| 22:25 | 会发育 · wall_segment Palisade Wall x1 |
| 22:27 | 会发育 · wall_segment Palisade Wall x1 |
| 23:06 | Wololoagain1 · age_up castle |
| 23:21 | 会发育 · wall_segment Palisade Wall x9 |
| 23:28 | Gareth Southgate · age_up castle |
| 23:51 | Wololoagain1 · first_market_sell 100 food |
| 23:55 | TheHalloweenGambit · wall_segment Stone Wall x12 |
| 24:36 | Hiro · first_building Siege Workshop |
| 24:39 | TheHalloweenGambit · wall_segment Stone Wall x10 |
| 24:57 | Tim der Gothe · first_building Stable |
| 25:11 | 会发育 · wall_segment Palisade Wall x5 |
| 25:42 | 会发育 · wall_segment Palisade Wall x7 |
| 25:52 | Wololoagain1 · first_market_buy 100 food |
| 25:59 | 会发育 · first_building Siege Workshop |
| 26:03 | ChuckAcsuka · first_building Castle |
| 26:22 | Hiro · first_building Monastery |
| 26:58 | 会发育 · wall_segment Stone Wall x20 |
| 27:52 | ChuckAcsuka · wall_segment Palisade Wall x1 |
| 27:55 | ChuckAcsuka · wall_segment Palisade Wall x1 |
| 28:02 | ChuckAcsuka · wall_segment Palisade Wall x1 |
| 28:02 | ChuckAcsuka · wall_segment Palisade Wall x1 |
| 28:04 | 会发育 · wall_segment Stone Wall x7 |
| 28:15 | Tim der Gothe · first_building Castle |
| 28:22 | ChuckAcsuka · wall_segment Palisade Wall x1 |
| 28:23 | ChuckAcsuka · wall_segment Palisade Wall x1 |
| 29:02 | 会发育 · wall_segment Stone Wall x7 |
| 29:43 | kongdu · wall_segment Stone Wall x3 |
| 29:51 | TheHalloweenGambit · first_market_buy 100 stone |
| 29:56 | Gareth Southgate · first_market_buy 100 wood |
| 30:07 | 会发育 · wall_segment Stone Wall x4 |
| 30:13 | kongdu · wall_segment Stone Wall x5 |
| 30:19 | kongdu · wall_segment Stone Wall x8 |
| 30:22 | kongdu · wall_segment Stone Wall x4 |
| 30:32 | TheHalloweenGambit · wall_segment Stone Wall x19 |
| 30:44 | 会发育 · wall_segment Stone Wall x7 |
| 31:55 | 会发育 · wall_segment Stone Wall x5 |
| 31:57 | 会发育 · wall_segment Stone Wall x4 |
| 31:59 | 会发育 · wall_segment Stone Wall x2 |
| 32:27 | Tim der Gothe · first_building Siege Workshop |
| 32:45 | TheHalloweenGambit · first_building Siege Workshop |
| 33:03 | 会发育 · first_building Castle |
| 33:26 | ChuckAcsuka · first_building Stable |
| 33:26 | TheHalloweenGambit · wall_segment Stone Wall x6 |
| 33:27 | TheHalloweenGambit · wall_segment Stone Wall x5 |
| 34:03 | Wololoagain1 · first_building Castle |
| 35:14 | kongdu · wall_segment Stone Wall x12 |
| 35:16 | kongdu · wall_segment Stone Wall x13 |
| 35:17 | TheHalloweenGambit · first_market_sell 100 stone |
| 36:32 | kongdu · wall_segment Stone Wall x4 |
| 36:51 | kongdu · wall_segment Stone Wall x1 |
| 36:53 | kongdu · wall_segment Stone Wall x1 |
| 36:53 | TheHalloweenGambit · wall_segment Stone Wall x12 |
| 36:55 | Tim der Gothe · age_up imperial |
| 37:18 | TheHalloweenGambit · wall_segment Stone Wall x5 |
| 38:08 | Gareth Southgate · first_building Castle |
| 38:40 | kongdu · first_building Archery Range |
| 39:26 | Wololoagain1 · first_building Monastery |
| 39:58 | ChuckAcsuka · first_building Monastery |
| 41:31 | ChuckAcsuka · first_building Archery Range |
| 43:06 | 会发育 · first_market_sell 100 food |
| 43:33 | TheHalloweenGambit · first_building Archery Range |
| 44:23 | Wololoagain1 · age_up imperial |
| 44:32 | ChuckAcsuka · age_up imperial |
| 45:00 | kongdu · age_up imperial |
| 45:23 | 会发育 · resign |
| 46:52 | Hiro · age_up imperial |
| 46:56 | Gareth Southgate · age_up imperial |
| 48:40 | Hiro · first_building Castle |
| 50:05 | TheHalloweenGambit · age_up imperial |
| 50:07 | Gareth Southgate · first_building Siege Workshop |
[ AI ANALYSIS · 1 CREDIT ]
What really happened in this match?
Wolo.gg analyzes every decision: build order, eco, micro, common mistakes by bracket. Personalized analysis on WhatsApp or Discord in 30 seconds.
Civ guide
Huns
Perfil
Jugador #25836798